Map: Year Zero LE

Players

Lambo

  • Race: Zerg Zerg
  • Spawn Location: 11:00

Elazer - Winner!

  • Race: Zerg Zerg
  • Spawn Location: 1:00

Event: 2019 WCS Winter Europe

VOD

Have the link to the VOD?

Description

Time

  • Played on: April 7, 2019, 10:30 a.m.
  • Length: 13:24

All games in this series

Show
View Real Time Build Order
Export as new Build Order

Lambo Zerg 

Build Orders: Pool First 

Get SALT Encoding   

  12  0:01  Drone  
  13  0:12  Overlord  
  13  0:17  Drone  
  14  0:31  Drone x2  
  16  0:40  Spawning Pool  
  15  0:46  Drone  
  15  0:49  Drone  
  17  1:10  Hatchery  
  16  1:13  Drone  
  16  1:18  Extractor  
  16  1:27  Zergling x4  
  16  1:28  Zergling x2  
  19  1:34  Queen  
  21  1:41  Overlord  
  21  1:49  Drone  
  22  2:01  Drone  
  23  2:10  Queen  
  23  2:14  Drone  
  26  2:18  Metabolic Boost  
  26  2:22  Drone x2  
  28  2:34  Drone x2  
  29  2:50  Drone, Hatchery  
  29  2:51  Zergling x2  
  29  2:55  Drone  
  29  2:56  Drone  
  32  3:02  Overlord  
  32  3:07  Drone  
  32  3:10  Drone x2  
  35  3:17  Evolution Chamber  
  35  3:19  Drone  
  35  3:21  Drone  
  35  3:22  Drone  
  35  3:23  Drone  
  35  3:26  Baneling Nest  
  38  3:27  Zergling x2  
  38  3:31  Zergling x2  
  40  3:35  Zergling x4  
  40  3:36  Zergling x2  
  40  3:39  Zergling x2  
  44  3:42  Overlord  
  44  3:50  Overlord  
  44  3:59  Evolution Chamber  
  44  4:00  Drone x6  
  49  4:05  Drone  
  49  4:06  Zergling x2  
  50  4:11  Zergling x2  
  50  4:12  Zergling x2  
  50  4:16  Zergling x2  
  50  4:18  Zergling x4  
  50  4:24  Zergling x2  
  48  4:25  Zergling x4  
  48  4:26  Zergling x2  
  48  4:31  Zergling x2  
  49  4:38  Zergling x8  
  52  4:42  Baneling x2  
  52  4:43  Baneling x2  
  52  4:46  Zerg Missile Weapons Level 1  
  52  4:48  Zergling x4  
  52  4:51  Drone  
  54  4:54  Overlord  
  53  5:00  Overlord  
  53  5:05  Zergling x8  
  55  5:10  Overlord  
  55  5:15  Drone x3  
  55  5:18  Drone x2  
  55  5:20  Drone  
  61  5:24  Baneling  
  61  5:25  Baneling x2  
  59  5:29  Zergling x8  
  57  5:36  Zergling x2  
  56  5:43  Drone x2, Zergling x2  
  56  5:46  Drone x3, Roach Warren  
  56  5:49  Extractor  
  60  5:50  Extractor  
  60  5:54  Drone x2  
  63  6:09  Drone x2  
  63  6:10  Drone x3  
  68  6:15  Overlord  
  68  6:16  Drone x3  
  68  6:17  Overlord  
  70  6:20  Overlord  
  70  6:22  Overlord  
  70  6:27  Drone  
  70  6:29  Drone x2  
  74  6:32  Roach  
  74  6:33  Roach x2  
  74  6:35  Roach  
  74  6:38  Lair  
  76  6:41  Roach  
  76  6:44  Roach x2  
  82  6:48  Roach  
  82  6:51  Zerg Ground Armor Level 1  
  84  6:56  Roach x2  
  84  7:00  Queen  
  90  7:01  Drone x2  
  90  7:04  Drone  
  90  7:05  Drone  
  93  7:10  Drone x2  
  93  7:11  Drone  
  93  7:12  Drone x2  
  93  7:13  Drone  
  93  7:14  Roach  
  99  7:19  Roach x2  
  99  7:21  Extractor, Roach  
  104  7:25  Roach x2  
  104  7:28  Extractor, Roach  
  109  7:33  Drone  
  109  7:35  Overlord  
  109  7:36  Roach x2  
  109  7:37  Roach  
  116  7:42  Roach x2  
  117  7:47  Glial Reconstitution  
  117  7:49  Overlord  
  117  7:50  Overlord  
  117  7:54  Overlord  
  117  7:55  Extractor, Overseer  
  117  7:57  Overlord  
  116  7:59  Overlord  
  116  8:01  Roach x3  
  122  8:12  Drone x3  
  125  8:17  Pneumatized Carapace, Overlord  
  125  8:19  Roach  
  127  8:23  Drone  
  127  8:24  Roach x2  
  127  8:25  Ravager  
  127  8:26  Roach  
  135  8:28  Hatchery  
  135  8:33  Roach x4  
  142  8:37  Spore Crawler  
  142  8:38  Spore Crawler  
  142  8:40  Drone, Spore Crawler  
  140  8:44  Roach x2  
  140  8:47  Baneling x2  
  144  8:49  Overlord  
  144  8:50  Drone x2  
  144  8:53  Drone x2  
  148  8:57  Hydralisk Den, Drone  
  148  8:59  Ravager x3  
  151  9:03  Roach  
  151  9:07  Overlord  
  151  9:09  Overlord  
  152  9:13  Overlord  
  152  9:14  Overlord  
  152  9:15  Overlord  
  152  9:22  Overlord  
  151  9:24  Overlord  
  151  9:25  Queen  
  151  9:28  Muscular Augments  
  151  9:30  Ravager x3  
  156  9:31  Roach  
  156  9:36  Roach x3  
  156  9:37  Ravager  
  165  9:43  Roach x4  
  165  9:47  Roach  
  165  9:48  Roach  
  165  9:50  Roach  
  164  9:53  Roach  
  164  9:54  Roach  
  164  9:57  Roach  
  164  10:00  Roach  
  164  10:05  Roach  
  164  10:06  Roach  
  160  10:12  Roach x2  
  160  10:14  Roach  
  162  10:21  Roach x2  
  161  10:23  Hydralisk  
  156  10:30  Roach  
  156  10:33  Hydralisk x2  
  147  10:37  Hydralisk x2  
  147  10:40  Hydralisk x2  
  147  10:45  Hydralisk  
  147  10:48  Hydralisk  
  147  10:49  Queen x2  
  146  10:50  Queen  
  146  10:51  Queen  
  146  10:55  Ravager  
  155  11:00  Roach x5  
  155  11:03  Spore Crawler  
  165  11:04  Roach  
  165  11:08  Roach x2  
  165  11:11  Roach x2  
  146  11:18  Hydralisk x2  
  146  11:19  Roach  
  146  11:21  Ravager  
  146  11:24  Roach x2  
  146  11:25  Roach  
  157  11:33  Roach x4  
  157  11:35  Roach  
  163  11:41  Roach x2  
  163  11:43  Roach x2  
  163  11:46  Roach  
  162  11:49  Roach x2  
  143  11:55  Roach  
  143  12:01  Roach x3  
  136  12:06  Roach  
  136  12:10  Roach  
  136  12:11  Roach  
  135  12:18  Roach x3  
  135  12:20  Roach  
  143  12:23  Roach  
  143  12:28  Roach x2  
  143  12:35  Roach x2  
  144  12:39  Roach  
  146  12:45  Drone x3  
  145  12:53  Roach x3  
  145  12:55  Roach  
  129  12:59  Roach  
  129  13:01  Roach  
  129  13:04  Roach  
Show
View Real Time Build Order
Export as new Build Order

Elazer Zerg - Winner!

Build Orders: Hatch First 

Get SALT Encoding   

  12  0:00  Drone  
  13  0:13  Overlord  
  13  0:17  Drone  
  14  0:31  Drone x2  
  16  0:49  Hatchery  
  15  0:53  Drone  
  15  0:56  Drone  
  17  0:59  Drone  
  18  1:11  Extractor  
  17  1:16  Spawning Pool  
  16  1:19  Drone  
  16  1:22  Drone  
  18  1:29  Drone  
  19  1:39  Drone  
  20  1:51  Drone  
  21  2:01  Overlord  
  21  2:02  Queen x2  
  21  2:04  Zergling x2  
  26  2:12  Zergling x4  
  28  2:16  Metabolic Boost  
  28  2:24  Drone x2  
  30  2:36  Drone x2  
  32  2:47  Drone, Overlord  
  33  2:54  Drone  
  33  2:56  Drone, Evolution Chamber  
  34  3:05  Drone x2  
  39  3:12  Drone x3  
  39  3:17  Drone x2  
  39  3:19  Overlord  
  41  3:20  Drone  
  41  3:27  Zerg Melee Weapons Level 1  
  42  3:33  Hatchery  
  41  3:35  Drone x2  
  41  3:39  Overlord  
  41  3:40  Zergling x2  
  44  3:44  Zergling x4  
  44  3:46  Zergling x2  
  44  3:48  Zergling x2  
  48  3:49  Zergling x2  
  48  3:51  Zergling x2  
  50  3:58  Zergling x4  
  52  4:03  Zergling x4  
  53  4:16  Zergling x12  
  57  4:22  Roach Warren  
  49  4:31  Extractor  
  49  4:35  Drone x2  
  50  4:39  Drone  
  50  4:41  Queen  
  50  4:44  Overlord  
  53  4:52  Zergling x4  
  55  4:53  Zergling x10  
  58  5:00  Zergling x6  
  58  5:06  Overlord  
  55  5:07  Drone x2  
  55  5:18  Roach x6  
  55  5:21  Zerg Missile Weapons Level 1  
  67  5:27  Roach  
  68  5:32  Roach x2  
  66  5:37  Roach x3  
  66  5:40  Roach x3  
  78  5:48  Overlord, Lair  
  78  5:51  Extractor  
  78  5:53  Roach x2  
  78  5:54  Drone  
  78  5:55  Overlord  
  82  5:59  Overlord  
  82  6:04  Overlord  
  82  6:05  Spine Crawler, Zergling x2  
  82  6:08  Zergling x4  
  82  6:11  Zergling x4  
  86  6:16  Drone  
  86  6:17  Drone x2  
  90  6:21  Drone  
  91  6:26  Zergling x14  
  91  6:30  Overlord  
  95  6:34  Drone x2  
  95  6:35  Drone  
  95  6:39  Drone x2  
  100  6:43  Overlord  
  100  6:45  Glial Reconstitution  
  100  6:50  Extractor  
  100  6:53  Spire, Drone  
  99  6:57  Drone x2  
  99  6:59  Drone  
  102  7:02  Drone x2  
  102  7:03  Drone  
  102  7:05  Drone  
  102  7:08  Drone  
  104  7:11  Overlord  
  104  7:13  Drone x3  
  105  7:18  Zerg Missile Weapons Level 2  
  105  7:21  Extractor, Drone  
  105  7:22  Extractor  
  105  7:23  Drone x2  
  105  7:25  Drone x2  
  105  7:28  Drone  
  109  7:33  Overlord  
  109  7:35  Drone  
  109  7:36  Drone x3  
  113  7:39  Overlord  
  112  7:50  Overlord x2  
  111  8:01  Drone  
  111  8:02  Drone  
  111  8:04  Mutalisk x5  
  123  8:06  Mutalisk  
  123  8:12  Hatchery  
  124  8:16  Overlord  
  124  8:18  Roach x5  
  134  8:22  Overlord  
  134  8:24  Roach x2  
  138  8:30  Overlord  
  138  8:32  Roach x3  
  144  8:38  Roach x4  
  152  8:43  Roach x2  
  162  8:48  Roach x3  
  162  8:54  Roach x3  
  168  9:03  Overlord, Nydus Network  
  168  9:07  Roach x4  
  170  9:14  Ravager x5  
  170  9:15  Roach  
  170  9:16  Roach  
  179  9:22  Roach x3  
  185  9:28  Roach x4  
  193  9:43  Nydus Canal  
  193  9:44  Roach x8  
  195  9:49  Zerg Ground Armor Level 1  
  191  9:52  Roach  
  191  9:53  Roach  
  191  9:56  Roach x3  
  187  10:01  Nydus Canal  
  187  10:03  Roach x2  
  181  10:09  Roach  
  181  10:10  Roach x4  
  183  10:17  Roach x5  
  183  10:21  Nydus Canal  
  185  10:33  Roach x8  
  166  10:42  Nydus Canal  
  156  10:44  Drone, Roach x3  
  159  10:53  Roach x3  
  165  10:58  Roach x8  
  165  11:01  Roach  
  165  11:03  Roach  
  185  11:06  Roach  
  185  11:09  Roach  
  175  11:13  Roach x2  
  175  11:16  Nydus Canal  
  175  11:17  Roach  
  169  11:21  Roach x2  
  169  11:23  Roach  
  169  11:24  Roach x5  
  185  11:26  Roach x2  
  185  11:29  Roach  
  185  11:30  Roach  
  193  11:33  Roach x2  
  193  11:35  Roach  
  199  11:45  Roach  
  195  11:52  Nydus Canal  
  195  11:54  Roach x6  
  179  11:55  Roach x3  
  179  11:57  Roach  
  179  12:00  Roach x3  
  171  12:01  Nydus Canal  
  155  12:09  Roach x4  
  155  12:11  Roach  
  155  12:13  Roach  
  153  12:21  Roach x4  
  161  12:29  Roach  
  163  12:30  Roach x4  
  163  12:35  Roach x3  
  169  12:40  Overseer  
  169  12:41  Roach x3  
  169  12:43  Roach x2  
  179  12:45  Roach  
  179  12:48  Roach  
  181  12:54  Roach x4  
  181  12:56  Roach  
Tags
 
Add a new tag
Caveats
  • Supply blocks, unpowered buildings, or Contaminate may cause inaccurate times.
  • Supply counts are checked every 10 seconds.